 Dungeon Crawl Stone Soup version 0.32-a0-918-g0f22ef8d61 (webtiles) character file.

Game seed: 11468036628516546392

191 Nornya the Magician (level 6, -5/43 HPs)
             Began as a Djinni Hedge Wizard on Apr 10, 2024.
             Was a Follower of Dithmenos.
             Slain by a gnoll
             ... wielding a +2 vampiric whip
              (10 damage)
             ... on level 3 of the Dungeon.
             The game lasted 00:05:35 (1949 turns).

Nornya the Magician (Djinni Hedge Wizard)           Turns: 1949, Time: 00:05:36

Health: -5/43      AC:  2    Str:  9    XL:     6   Next: 2%
Gold:   29         EV: 11    Int: 17    God:    Dithmenos [*.....] SH:  6 Dex: 13

rFire   + + .        a - +0 dagger
rCold   x . .        e - +2 buckler
rNeg    . . .        b - +0 robe
rPois   ∞            c - +0 hat
rElec   .            (no cloak)
rCorr   .            (no gloves)
SInv    .            (boots unavailable)
Will    .....        (no amulet)
Stlth   ++           (no ring)
HPRegen 0.27/turn    (no ring)

%: infuse magic (-6 HP)
@: flying, wreathed by umbra
A: sickness immunity, fire resistance 2, cold vulnerability 1, float, innate
caster, HP casting, extra vitality 1
a: Renounce Religion


You were on level 3 of the Dungeon.
You worshipped Dithmenos.
Dithmenos was aware of your devotion.
You visited 1 branch of the dungeon, and saw 4 of its levels.

You collected 29 gold pieces.

Inventory:

Hand Weapons
 a - a +0 dagger (weapon)
Armour
 b - a +0 robe (worn)
 c - a +0 hat (worn)
 e - a +2 buckler (worn)
Scrolls
 i - a scroll of fog
 j - a scroll of identify {unknown}
 k - a scroll of vulnerability
Potions
 d - a potion of curing {unknown}
 f - a potion of might {unknown}
 g - a potion of brilliance {unknown}
 h - 2 potions of haste {unknown}
 l - a potion of lignification {unknown}


   Skills:
 + Level 2.1 Fighting
 + Level 3.3 Dodging
 - Level 1.5 Stealth
 + Level 1.5 Shields
 * Level 4.0 Spellcasting
 * Level 4.0 Conjurations
 * Level 4.0 Hexes
   Level 0.0 Charms
 * Level 4.0 Summonings
 * Level 4.0 Necromancy
 * Level 4.0 Translocations
   Level 0.0 Transmutations
 * Level 4.0 Fire Magic
 * Level 4.0 Ice Magic
 * Level 4.0 Air Magic
 * Level 4.0 Earth Magic
 * Level 4.0 Alchemy
 + Level 1.1 Invocations


You knew the following spells:

 Your Spells              Type           Power      Damage    Failure   Level
a - Magic Dart            Conj           68%        1d6       4%          1
b - Slow                  Hex            68%        N/A       4%          1
c - Call Imp              Summ           34%        N/A       7%          2
d - Mephitic Cloud        Conj/Alch/Air  17%        N/A       14%         3
e - Searing Ray           Conj           34%        2d5       7%          2
B - Blink                 Tloc           34%        N/A       7%          2
K - Kiss of Death         Conj/Necr      68%        2d10      4%          1
Your spell library was empty.

Dungeon Overview and Level Annotations

Branches:
Dungeon (4/15)
 Temple: D:4-7

Altars:
Cheibriados
Dithmenos

Annotations:
D:4 1 runed translucent door


Innate Abilities, Weirdness & Mutations

You are immune to sickness and miasma.
You are immune to poison.
Your flesh is very heat resistant. (rF++)
You are vulnerable to cold. (rC-)
You float through the air rather than walking.
You learn spells naturally, not from books.
Your magical power is your life essence.
You have superior vitality. (+4 MHP)


Message History

Your Necromancy skill increases to level 4!
Your Translocations skill increases to level 4!
Your Fire Magic skill increases to level 4!
Your Ice Magic skill increases to level 4!
Your Air Magic skill increases to level 4!
Your Earth Magic skill increases to level 4!
Your Alchemy skill increases to level 4!
You have reached level 6!
Your cerulean imp completely misses the orc.
Your cerulean imp hits the orc but does no damage.
The orc attacks as it pursues you! The orc hits you with a +0 mace.
* * * LOW HITPOINT WARNING * * *
You take 1 damage, and have 7/43 hp.
Casting: Magic Dart (safe; 4% risk of failure)
Confirm with . or Enter, or press ? or * to list all spells.
A tiny devil pulls itself out of the air.
* * * LOW HITPOINT WARNING * * *
You block the orc's attack.
You take 1 damage, and have 6/43 hp.
Your cerulean imp hits the orc with a -3 spear.
Your cerulean imp hits the orc with a -3 spear.
The orc barely misses your cerulean imp.
Your cerulean imp hits the orc with a -3 spear.
The orc dies!
Dithmenos accepts your kill.
Your cerulean imp hits the black bear but does no damage.
The black bear misses your cerulean imp.
The black bear claws your cerulean imp. x2
Your cerulean imp barely misses the black bear.
Something bites your cerulean imp. Something claws your cerulean imp.
Your cerulean imp dies!
Your cerulean imp disappears in a puff of smoke!
There is a stone staircase leading up here.
You fly upwards.
The gnoll barely misses you. The gnoll hits you with a +0 club.
* * * LOW HITPOINT WARNING * * *
There is a stone staircase leading down here.
You take 4 damage, and have 5/43 hp.
The gnoll hits you with a +2 vampiric whip!
You die...

# .. ####.#
#...###>@..#
......gg##.#
#######..).##
###.....#
.########gg.###.....
........#.### ####
)....†...g#
.........##
##....##.#


You could see 3 gnolls.

Vanquished Creatures
  A hound (D:4)
  An orc priest (D:4)
  An adder (D:2)
  5 gnolls
  A dart slug (D:1)
  A ribbon worm (D:2)
  5 endoplasms
  A giant cockroach (D:2)
  4 goblins (D:1)
  6 hobgoblins
  3 kobolds
  4 quokkas
  6 ball pythons
  7 bats
  7 frilled lizards
  5 rats
58 creatures vanquished.

Vanquished Creatures (collateral kills)
  An adder (D:4)
  An orc (D:4)
  A hobgoblin (D:2)
  A quokka (D:1)
  A ball python (D:4)
5 creatures vanquished.

Grand Total: 63 creatures vanquished

Notes
Turn   | Place    | Note
-------+----------+-------------------------------------------
     0 | D:1      | Nornya the Djinni Hedge Wizard began the quest for the Orb.
     0 | D:1      | Nornya set off with the following spells memorised: Magic
                  | Dart, Slow, Blink, Call Imp, Mephitic Cloud.
     0 | D:1      | Reached XP level 1. HP: 15/15 MP: 0/0
   109 | D:1      | Reached XP level 2. HP: 19/22 MP: 0/0
   411 | D:1      | Reached XP level 3. HP: 23/26 MP: 0/0
   411 | D:1      | Learned a level 1 spell: Kiss of Death
   421 | D:1      | Reached skill level 1 in Fighting
   990 | D:2      | Reached XP level 4. HP: 24/32 MP: 0/0
  1056 | D:2      | Found a snail-covered altar of Cheibriados.
  1286 | D:2      | Found a faded altar of an unknown god.
  1293 | D:2      | Prayed at the altar of an unknown god.
  1293 | D:2      | Became a worshipper of Dithmenos the Shadowed
  1293 | D:2      | Reached * piety under Dithmenos
  1385 | D:2      | You are sucked into a shaft and drop 2 floors!
  1460 | D:4      | Noticed a black bear
  1470 | D:4      | HP: 1/32 [adder (2)]
  1473 | D:4      | Reached skill level 1 in Shields
  1667 | D:4      | Reached XP level 5. HP: 16/38 MP: 0/0
  1667 | D:4      | Learned a level 2 spell: Searing Ray
  1874 | D:4      | Reached skill level 1 in Invocations
  1884 | D:4      | Found a runed translucent door.
  1930 | D:4      | Reached XP level 6. HP: 8/43 MP: 0/0
  1949 | D:3      | Slain by a gnoll

Illustrated notes

Levels and vault maps discovered:
D:1:      saegor_arrival_miasma, layout_basic, st_stairs_9,
          serial_bayou_lagoon_b
D:2:      layout_loops_ring, basic_altar,
          shapermc_ecumenical_altar_totnotflames, minmay_tetromino_s2
D:3:      gammafunk_wand_slinger, layout_rooms, kennysheep_nondescript
D:4:      layout_rooms, gammafunk_temple_overflow_statue, ebering_ghost_sewer_d

Skill      XL: |  1  2  3  4  5 |
---------------+----------------+-----
Fighting       | 1 2 |  2.1
Dodging        | 3 |  3.3
Shields        | 1 |  1.5
Invocations    | 1 |  1.1
Spellcasting   | 4 |  4.0
Conjurations   | 4 |  4.0
Hexes          | 4 |  4.0
Summonings     | 4 |  4.0
Necromancy     | 4 |  4.0
Translocations | 4 |  4.0
Fire Magic     | 4 |  4.0
Ice Magic      | 4 |  4.0
Air Magic      | 4 |  4.0
Earth Magic    | 4 |  4.0
Alchemy        | 4 |  4.0
Stealth        | |  1.5

Action                     |  1- 3 |  4- 6 || total
---------------------------+-------+-------++-------
  Melee: Dagger            |       |     5 ||     5
   Cast: Magic Dart        |    77 |    58 ||   135
         Call Imp          |     5 |    10 ||    15
         Slow              |       |     5 ||     5
         Searing Ray       |       |     2 ||     2
    Use: Scroll            |     3 |     3 ||     6
   Stab: Sleeping          |       |     1 ||     1
 Armour: Robe              |     4 |    26 ||    30
  Dodge: Dodged            |    10 |    23 ||    33
  Block: Buckler           |     2 |    14 ||    16

Table legend: (Time is in decaauts)
 A = Elapsed time spent in this place.
 B = Non-inter-level travel time spent in this place.
 C = Inter-level travel time spent in this place.
 D = Time resting spent in this place.
 E = Time spent auto-exploring this place.
 F = Levels seen in this place.
 G = Mean time per level.
                   A        B        C        D        E       F      G
               +--------+--------+--------+--------+--------+-----+--------+
         Total |   1949 |   1938 |     11 |    207 |   1344 |   4 |  487.2 |
       Dungeon |   1949 |   1938 |     11 |    207 |   1344 |   4 |  487.2 |
               +--------+--------+--------+--------+--------+-----+--------+

Top non-repeatable levels by time:
     D:1: 954 daAuts
     D:4: 509 daAuts
     D:2: 430 daAuts
     D:3: 55 daAuts
